 Dungeon Crawl Stone Soup version 0.23-a0-321-g6bcb69f (webtiles) character file.

37 Ijustatesigmund the Magician (level 3, 0/21 HPs)
             Began as an Octopode Wizard on Oct 15, 2018.
             Slain by a goblin
             ... wielding a +0 dagger
              (2 damage)
             ... on level 2 of the Dungeon.
             The game lasted 00:02:23 (931 turns).

Ijustatesigmund the Magician (Octopode Wizard)       Turns: 931, Time: 00:02:24

Health: 0/21       AC:  1    Str:  6    XL:     3   Next: 41%
Magic:  1/7        EV: 13    Int: 20    God:
Gold:   44         SH:  0    Dex: 11    Spells: 5/8 levels left

rFire    . . .     SeeInvis .   e - +0 whip
rCold    . . .     Gourm    .   (no shield)
rNeg     . . .     Faith    .   a - +0 hat
rPois    .         Spirit   .   (no amulet)
rElec    .         Reflect  .   (no ring)
rCorr    .         Harm     .   (no ring)
MR       .....                  (no ring)
Stlth    +++.......             (no ring)
HPRegen  0.07/turn              (no ring)
MPRegen  0.10/turn              (no ring)
                                (no ring)
                                (no ring)

@: lethally poisoned (0 -> -3)
A: almost no armour, stealthy swim, amphibious, 8 rings, constrict 8, camouflage
1, gelatinous body 1
a: no special abilities


You were on level 2 of the Dungeon.
You were not hungry.

You visited 1 branch of the dungeon, and saw 2 of its levels.

You collected 44 gold pieces.

Inventory:

Hand Weapons
 e - a +0 whip (weapon)
Armour
 a - a +0 hat (worn)
Scrolls
 d - a scroll of fear {unknown}
Comestibles
 c - 3 rations


   Skills:
 - Level 2.1 Dodging
 - Level 2.8 Stealth
 - Level 3.2 Spellcasting
 + Level 2.6 Conjurations
   Level 1.0 Summonings
 - Level 1.0 Translocations


You had 5 spell levels left.
You knew the following spells:

 Your Spells              Type           Power        Failure   Level  Hunger
a - Magic Dart            Conj           ##..         4%          1    None
b - Blink                 Tloc           N/A          14%         2    ##.....

Your spell library contained the following spells:

 Spells                   Type           Power        Failure   Level  Hunger
 Call Imp                 Summ           #.......     14%         2    ##.....
 Slow                     Hex            #.......     22%         2    ##.....
 Conjure Flame            Conj/Fire      #.......     24%         3    ###....
 Mephitic Cloud           Conj/Pois/Air  #.......     28%         3    ###....


Dungeon Overview and Level Annotations

Branches:
Dungeon (2/15)

Altars:


Innate Abilities, Weirdness & Mutations

You cannot wear most types of armour.
You are very stealthy in the water. (Stealth+)
You are amphibious.
You can wear up to eight rings at the same time.
You can use your tentacles to constrict eight enemies at once.
Your skin changes colour to match your surroundings (Stealth+).
Your rubbery body absorbs attacks. (AC +1, EV +1)


Message History

A frilled lizard comes into view.
You aren't carrying any potions.
You hit the dart slug.
The dart slug is severely wounded.
You constrict the dart slug.
The kobold throws a stone.
The stone misses you. The dart slug bites you.
An adder comes into view.
The adder hisses angrily.
You hit the dart slug but do no damage.
The dart slug is almost dead.
You constrict the dart slug.
You feel sick. The bat completely misses you.
The dart slug launches a dart at you. The slug dart hits you!
* * * LOW HITPOINT WARNING * * *
You hit the dart slug.
You kill the dart slug!
The bat hits you but does no damage.
You closely miss the goblin. Your grab misses the goblin.
The bat closely misses you. The goblin hits you with a +0 dagger.
You die... ...... ..... .. ..$.. ..
S... . #bg

.###. #.# . .....###†#
...
.........#######K.%..
##.##......g@bS.l...
####........#####.....
.....###....#####. ...
# #... ##......... .
.##.# #.#.#####.
..#.## #.#... #....#
#.####.. #.##.## #.#
## ..##..## #.#


You could see an adder, a goblin, a bat, a kobold and a frilled lizard.

Vanquished Creatures
  2 adders (D:2)
  A dart slug (D:2)
  A leopard gecko (D:2)
  A ball python (D:2)
  3 bats
  2 giant cockroaches (D:2)
  3 hobgoblins
  2 kobolds
  3 rats
18 creatures vanquished.

Notes
Turn   | Place    | Note
-------+----------+-------------------------------------------
     0 | D:1      | Ijustatesigmund the Octopode Wizard began the quest for the
                  | Orb.
     0 | D:1      | Reached XP level 1. HP: 11/11 MP: 4/4
   440 | D:1      | Reached XP level 2. HP: 1/17 MP: 0/6
   745 | D:2      | Learned a level 2 spell: Blink
   916 | D:2      | Reached XP level 3. HP: 14/21 MP: 2/7
   931 | D:2      | Slain by a goblin

Vault maps used:
D:1:      evilmike_arrival_crescent, nrook_mini_backslash, st_stairs_12,
          minivault_23
D:2:      lemuel_crystal_altar, first_ration

Skill      XL: |  1  2 |
---------------+-------+-----
Conjurations   | 2 |  2.6
Dodging        | |  2.1
Stealth        | |  2.8
Spellcasting   | |  3.2
Summonings     | |  1.0
Translocations | |  1.0

Action                   || total
-------------------------++-------
Melee: Unarmed           ||    14
       Tentacles         ||     4
       Constrict         ||     7
       Whip              ||    22
 Cast: Magic Dart        ||    24
  Use: Scroll            ||     1
       Potion            ||     1
 Stab: Sleeping          ||     1
Armor: Skin              ||     5
Dodge: Dodged            ||    33

Table legend:
 A = Non-vault XP
 B = Vault XP
 C = Vault XP percentage of total XP
 D = Non-vault monster count
 E = Vault monster count
 F = Vault count percentage of total count
                 A         B        C        D         E       F
            +---------+---------+-------+---------+---------+-------
      Total |      52 |       2 |   3.7 |      17 |       1 |   5.6
            +---------+---------+-------+---------+---------+-------
        D:1 |       4 |       2 |  33.3 |       3 |       1 |  25.0
        D:2 |      48 |       0 |   0.0 |      14 |       0 |   0.0
            +---------+---------+-------+---------+---------+-------
